 Dungeon Crawl Stone Soup version 0.17-a0-1181-gabc46e6 (webtiles) character file.

44 Lelling the Gusty (level 3, -6/20 HPs)
             Began as a Tengu Air Elementalist on June 1, 2015.
             Killed from afar by Sigmund (14 damage)
             ... with a puff of flame
             ... on level 2 of the Dungeon.
             The game lasted 00:19:16 (1606 turns).

Lelling the Gusty (Tengu Air Elementalist)          Turns: 1606, Time: 00:19:17

Health: -6/20      AC:  3    Str:  8    XL:     3   Next: 62%
Magic:  16/16      EV: 13    Int: 16    God:
Gold:   50         SH:  0    Dex: 14    Spells: 1 memorised, 5 levels left

rFire  . . .     SeeInvis .     c - +0 dagger
rCold  . . .     Clarity  .     a - +0 robe
rNeg   . . .     SustAt   .     (no shield)
rPois  .         Gourm    .     (helmet restricted)
rElec  .         Spirit   .     (no cloak)
rCorr  .         Warding  .     v - +0 pair of gloves
rMut   .         Stasis   .     (boots unavailable)
MR     .....                    (no amulet)
Stlth  +.........               (no ring)
                                o - ring of magical power

@: confused, not resistant to hostile enchantments, very unstealthy
A: beak, talons 3
a: no special abilities


You were on level 2 of the Dungeon.
You were not hungry.

You visited 1 branch of the dungeon, and saw 2 of its levels.

You collected 50 gold pieces.

Inventory:

Hand weapons
 c - a +0 dagger (weapon)
 r - a +0 whip
 w - a +0 short sword
Missiles
 e - 33 poisoned needles
 h - 11 stones
 k - 5 tomahawks (quivered)
 q - 19 arrows
 u - 24 bolts
Armour
 a - a +0 robe (worn)
 f - a +0 scale mail
 p - a +0 leather armour
 t - a +0 robe
 v - a +0 pair of gloves (worn)
Jewellery
 o - a ring of magical power (left hand)
Scrolls
 g - a scroll of teleportation {unknown}
 m - a scroll of immolation {unknown}
 n - a scroll of magic mapping {unknown}
Potions
 d - a potion of flight
 i - a potion of brilliance {unknown}
 j - 2 potions of curing {unknown}
 l - a potion of haste {unknown}
Books
 b - a book of Air

   Spells                             Type                      Level
   a - Shock                          Conjuration/Air              1
   b - Swiftness                      Charms/Air                   2
   c - Repel Missiles                 Charms/Air                   2
   d - Static Discharge               Conjuration/Air              3
   e - Lightning Bolt                 Conjuration/Air              5
Comestibles
 s - a meat ration


   Skills:
 + Level 0.6 Fighting
 + Level 0.4 Short Blades
 + Level 2.7 Dodging
 + Level 2.4 Stealth
 + Level 2.1 Spellcasting
 + Level 1.8 Conjurations
 + Level 4.7 Air Magic


You had 5 spell levels left.
You knew the following spells:

 Your Spells              Type           Power        Failure   Level  Hunger
a - Shock                 Conj/Air       ##..         8%          1    #......


Dungeon Overview and Level Annotations

Branches:
Dungeon (2/15)

Altars:
Cheibriados

Annotations:
D:2 Sigmund


Innate Abilities, Weirdness & Mutations

You have a beak for a mouth.
You have claws for feet.


Message History

There is a stone staircase leading up here.
Sigmund shouts!
Casting: Shock
Confirm with . or Enter, or press ? or * to list all spells.
Aiming: Shock
Press: ? - help, Shift-Dir - straight line, f - Sigmund
Aim: Sigmund, wielding an enchanted scythe and wearing a robe The zap hits Sigmund.
Sigmund is lightly wounded.
Sigmund casts a spell at you.
You are confused.
Sigmund hits you with an enchanted scythe.
You're too confused to cast spells.
You bump into the rock wall.
Sigmund barely misses you.
Sigmund casts a spell.
Sigmund's eyes start glowing with a red light.
Sigmund points at you and mumbles some strange words.
The puff of flame hits you!
Ouch! That really hurt!
You die...

# ... ..... ## #.#####.[
..# ..... ... ..#....# #.#
.... ...##.....^ #.# #..#
..........### #.# #..
.#..........###.# #.#
.............@..###†#######
.........#####............#
#.........####..@......^..#
....###.....†.........#####
#.........####..<.....#
.....#.#...# #........#
##.........###........#
##....._.............#
.#..............#######
.#.#.#.......#...##
...#.##.......#...####


You could see Sigmund.

Vanquished Creatures
  2 adders (D:2)
  A worm (D:2)
  2 giant cockroaches (D:2)
  3 goblins
  3 hobgoblins
  4 kobolds
  2 bats (D:1)
  2 giant newts (D:1)
  5 rats
24 creatures vanquished.

Notes
Turn   | Place    | Note
--------------------------------------------------------------
     0 | D:1      | Lelling the Tengu Air Elementalist began the quest for the Orb.
     0 | D:1      | Reached XP level 1. HP: 10/10 MP: 4/4
   469 | D:1      | Reached XP level 2. HP: 7/15 MP: 3/6
  1378 | D:2      | Found a snail-covered altar of Cheibriados.
  1472 | D:2      | Reached XP level 3. HP: 13/20 MP: 7/7
  1497 | D:2      | Noticed Sigmund
  1606 | D:2      | Killed from afar by Sigmund

Vault maps used:
D:1:      matt_arrival_diagonals
D:2:      nicolae_overflow_hidden_temple, cheibriados_altar_1, uniq_natasha,
          uniq_sigmund

Action                   || total
-------------------------++-------
Melee: Short sword       ||     9
       Unarmed           ||     5
       Dagger            ||     4
 Cast: Shock             ||    49
  Use: Scroll            ||     3
 Stab: Sleeping          ||     1
  Eat: Bread ration      ||     1
